 Dungeon Crawl Stone Soup version 0.32-a0-643-ga006e7742e (webtiles) character file.

Game seed: 7175848795942028732

28 CougarLife the Digger (level 3, -1/19 HPs)
             Began as a Gargoyle Earth Elementalist on Mar 7, 2024.
             Was an Initiate of Vehumet.
             Slain by a goblin
             ... wielding a +0 club
             ... led by Robin
              (2 damage)
             ... on level 2 of the Dungeon.
             The game lasted 00:00:34 (887 turns).

CougarLife the Digger (Gargoyle Earth Elementalist)  Turns: 887, Time: 00:00:35

Health: -1/19      AC:  5    Str: 11    XL:     3   Next: 12%
Magic:  6/6        EV: 11    Int: 17    God:    Vehumet [......]
Gold:   65         SH:  0    Dex: 10    Spells: 6/7 levels left

rFire   . . .        (no weapon)
rCold   . . .        (no shield)
rNeg    + . .        a - +0 robe
rPois   ∞            (no helmet)
rElec   +            (no cloak)
rCorr   .            (no gloves)
SInv    .            (no boots)
Will    .....        (no amulet)
Stlth   ++           (no ring)
HPRegen 0.23/turn    (no ring)
MPRegen 0.10/turn

%: no passive effects
@: no status effects
A: sickness immunity, AC +3, negative energy resistance 1, electricity
resistance, torment resistance 1, petrification resistance
a: Renounce Religion


You were on level 2 of the Dungeon.
You worshipped Vehumet.
Vehumet was noncommittal.
You visited 1 branch of the dungeon, and saw 2 of its levels.

You collected 65 gold pieces.

Inventory:

Armour
 a - a +0 robe (worn)
Scrolls
 c - a scroll of silence {unknown}
 d - 3 scrolls of identify {unknown}
 i - a scroll of teleportation {unknown}
 j - 3 scrolls of blinking {unknown}
 k - a scroll of torment {unknown}
 l - a scroll of fear {unknown}
Potions
 b - a potion of magic
 e - a potion of mutation {unknown}
 f - a potion of lignification {unknown}
 g - 2 potions of curing {unknown}
 h - 2 potions of brilliance {unknown}


   Skills:
 - Level 1.5 Dodging
 - Level 2.1 Stealth
 + Level 2.5 Spellcasting
 + Level 2.0 Conjurations
 + Level 4.1 Earth Magic


You had 6 spell levels left.
You knew the following spells:

 Your Spells              Type           Power      Damage    Failure   Level
a - Sandblast             Erth           32%        2d9       3%          1

Your spell library contained the following spells:

 Spells                   Type           Power      Damage    Failure   Level
 Passwall                 Erth           16%        N/A       10%         3
 Stone Arrow              Conj/Erth      24%        3d8       16%         3
 Ensorcelled Hibernation  Hex/Ice        4%         N/A       28%         2
 Mercury Vapours          Alch/Air       4%         N/A       28%         2
 Mephitic Cloud           Conj/Alch/Air  4%         N/A       38%         3
 Brom's Barrelling Bould  Conj/Erth      12%        2d4       45%         4
 Swiftness                Air            2%         N/A       50%         3
 Petrify                  Alch/Erth      9%         N/A       61%         4
 Freezing Cloud           Conj/Ice/Air   2%         6-21      98%         5


Dungeon Overview and Level Annotations

Branches:
Dungeon (2/15)

Altars:
Vehumet

Annotations:
D:2 Robin, Terence


Innate Abilities, Weirdness & Mutations

You are immune to sickness and miasma.
Your stone body is resilient. (AC +3)
You are immune to poison.
You resist negative energy. (rN+)
You are resistant to electric shocks. (rElec)
You are resistant to unholy torment.
You are immune to petrification.


Message History

The goblin hits you but does no damage.
The blast of sand hits the goblin!
You kill the goblin!
Found a radiant altar of Vehumet.
No target in view!
Found a stone staircase leading down. 2 goblins and Terence come into view. 2 goblins come into view.
Terence shouts!
The goblin shouts!
The goblin moves out of view.
The goblin shouts!
You hear a shout!
A hobgoblin comes into view.
A goblin comes into view. It is wielding a +0 dagger.
A hobgoblin comes into view.
Terence barely misses you.
A goblin comes into view. It is wielding a +0 club.
There is a radiant altar of Vehumet here.
There are no items here.
Unknown command.
Press < or > to pray at altars.
The goblin closely misses you.
Terence shouts, "DIE!!!"
Terence hits you with a +0 trident!
There is a radiant altar of Vehumet here.
You kneel at the altar of Vehumet.
Vehumet welcomes you! The goblin hits you but does no damage.
The goblin barely misses you. Terence hits you with a +0 trident.
The goblin hits you but does no damage. The goblin attacks as it pursues you!
The goblin hits you but does no damage.
Terence hits you from afar with a +0 trident.
* * * LOW HITPOINT WARNING * * *
The goblin hits you but does no damage.
Robin of the Strong Arm comes into view.
They are wielding a +0 short sword.
Robin roars a battlecry!
The goblins go into a battle-frenzy!
The goblin attacks as it pursues you! The goblin hits you with a +0 club.
* * * LOW HITPOINT WARNING * * *
The goblin hits you with a +0 club.
You die...

##.####.######.#........
.#.# #.# #.#........ ...#
#.# ###.#........ ..###
#.# #............
....###.# #.#.....#####
#....##.####.#.#######
...................>..
..####...#.#.#....####
....# ..#.#.#..@####
#.#.# .# #.#.ggg..# #.#.#
.#.#.#..gg..# #.#.#
.#......@_.g# #.#.#
.................
#.#.####.#......g...g....
#.#....#.#.....#.#.....g.
#.####.#.#...#.#.#..####.
..##.#.#.##.##.#.#..#


You could see Terence, Robin, 2 hobgoblins and 6 goblins.

Vanquished Creatures
  2 dart slugs (D:1)
  3 endoplasms
  A giant cockroach (D:1)
  3 goblins
  3 hobgoblins
  2 jackals (D:1)
  A ball python (D:1)
  A bat (D:1)
  A frilled lizard (D:1)
  A kobold (D:1)
  4 rats
22 creatures vanquished.

Notes
Turn   | Place    | Note
-------+----------+-------------------------------------------
     0 | D:1      | CougarLife the Gargoyle Earth Elementalist began the quest
                  | for the Orb.
     0 | D:1      | Reached XP level 1. HP: 10/10 MP: 3/3
   218 | D:1      | Reached XP level 2. HP: 15/15 MP: 3/5
   393 | D:1      | Reached skill level 4 in Earth Magic
   671 | D:2      | Reached XP level 3. HP: 18/19 MP: 2/6
   874 | D:2      | Found a radiant altar of Vehumet.
   878 | D:2      | Noticed Terence
   884 | D:2      | Became a worshipper of Vehumet
   886 | D:2      | Noticed Robin
   887 | D:2      | Slain by a goblin

Illustrated notes

Levels and vault maps discovered:
D:1:      nzn_arrival_depleted_hourglass, layout_rooms
D:2:      layout_basic, basic_altar, uniq_robin, uniq_terence

Skill      XL: |  1  2 |
---------------+-------+-----
Earth Magic    | 4 |  4.1
Conjurations   | 2 |  2.0
Dodging        | |  1.5
Stealth        | |  2.1
Spellcasting   | |  2.5

Action                     || total
---------------------------++-------
  Melee: Unarmed           ||     8
   Cast: Sandblast         ||    28
 Armour: Robe              ||    18
  Dodge: Dodged            ||    16

Table legend: (Time is in decaauts)
 A = Elapsed time spent in this place.
 B = Non-inter-level travel time spent in this place.
 C = Inter-level travel time spent in this place.
 D = Time resting spent in this place.
 E = Time spent auto-exploring this place.
 F = Levels seen in this place.
 G = Mean time per level.
                   A        B        C        D        E       F      G
               +--------+--------+--------+--------+--------+-----+--------+
         Total |    900 |    876 |     24 |      0 |    736 |   2 |  450.0 |
       Dungeon |    900 |    876 |     24 |      0 |    736 |   2 |  450.0 |
               +--------+--------+--------+--------+--------+-----+--------+

Top non-repeatable levels by time:
     D:1: 670 daAuts
     D:2: 230 daAuts
